 Dungeon Crawl Stone Soup version 0.31-a0-271-gb88eb75e06 (webtiles) character file.

Game seed: 6003447606068739263

46 LeprechaunX the Changeling (level 3, -1/25 HPs)
             Began as an Octopode Shapeshifter on July 14, 2023.
             Slain by Sigmund
             ... wielding a +1 heavy scythe
              (13 damage)
             ... on level 2 of the Dungeon.
             The game lasted 00:01:36 (785 turns).

LeprechaunX the Changeling (Octopode Shapeshifter)   Turns: 785, Time: 00:01:37

Health: -1/25      AC:  1    Str: 14    XL:     3   Next: 68%
Magic:  3/3        EV: 13    Int: 10    God:
Gold:   91         SH:  0    Dex: 14    Spells: 2/2 levels left

rFire   . .          .
                       - Unarmed
rCold   . . .        (no shield)
rNeg    . . .        (helmet currently unavailable)
rPois   .            (no amulet)
rElec   .            (no ring)
rCorr   .            (no ring)
SInv    .            (no ring)
Will    .....        (no ring)
Stlth   ++           (no ring)
HPRegen 0.24/turn    (no ring)
MPRegen 0.08/turn    (no ring)
                     (no ring)

%: no passive effects
@: confused, beast-form
A: beast (slay +2), almost no armour, amphibious, 8 rings, camouflage 1,
gelatinous body 1, (nimble swimmer 1), tentacles
a: Begin Untransformation


You were on level 2 of the Dungeon.
You were a hulking beast.
You visited 1 branch of the dungeon, and saw 2 of its levels.

You collected 91 gold pieces.

Inventory:

Armour
 i - a +0 tower shield
Talismans
 b - a beast talisman
Scrolls
 e - a scroll of revelation {unknown}
 f - a scroll of fear {unknown}
Potions
 a - a potion of lignification
 c - 2 potions of enlightenment {unknown}
 d - 2 potions of curing {unknown}
 g - 2 potions of heal wounds {unknown}


   Skills:
 + Level 2.5 Fighting
 - Level 2.0 Dodging
 + Level 2.5 Unarmed Combat
 * Level 3.6 Shapeshifting


You had 2 spell levels left.
You didn't know any spells.
Your spell library contained the following spells:

 Spells                   Type           Power      Damage    Failure   Level
 Iskenderun's Battlesphe  Conj           0%         2d6       100%        5
 Leda's Unmaking          Conj/Erth      0%         9d1       100%        6
 Spellforged Servitor     Conj/Summ      0%         N/A       100%        7


Dungeon Overview and Level Annotations

Branches:
Dungeon (2/15)

Altars:

Annotations:
D:2 Sigmund


Innate Abilities, Weirdness & Mutations

You are a hulking beast.
Your limbs bulge with bestial killing power. (Slay +2)
You cannot wear most types of armour.
You are amphibious.
You can wear up to eight rings at the same time.
Your skin changes colour to match your surroundings (Stealth+).
Your rubbery body absorbs attacks. (AC +1, EV +1)
((You are camouflaged when in or above water. (Stealth+)))
You have tentacles for arms and can constrict up to eight enemies at once.


Message History

You are too confused!
You are too confused!
You are too confused!
You are too confused!
You are too confused!
You are too confused!
You are too confused!
You release your grip on Sigmund.
Sigmund closely misses you.
You closely miss Sigmund.
Sigmund is almost dead.
You're too confused to attack without stumbling around!
Sigmund barely misses you. Sigmund gestures at you while chanting.
You are more confused.
You barely miss Sigmund.
Sigmund is almost dead.
Sigmund closely misses you.
You closely miss Sigmund.
Sigmund is almost dead.
You're too confused to move!
Sigmund closely misses you.
Sigmund says, "Now you see me, now you don't..."
Sigmund closely misses you. The rat bites you.
The rat attacks as you move away! The rat bites you.
You miss Sigmund.
Sigmund is almost dead.
The rat bites you.
Sigmund points at you and mumbles some strange words.
The magic dart hits you.
You feel less confused. Sigmund completely misses you.
The rat closely misses you.
You tentacle-slap Sigmund. Your grab misses Sigmund.
Sigmund is almost dead.
The rat bites you. Sigmund casts a spell at you.
You are confused.
Sigmund attacks as you move away!
Sigmund hits you with a +1 heavy scythe!
Ouch! That really hurt!
You die...

.~≈≈.~.~~~..###
.≈≈~~~~~≈~....#
.≈≈≈≈≈≈≈≈≈~~#.#### ####
~~~~~~~~≈≈~~.....# ##...
.....~≈≈≈..?##.##...##
~.~.~~....#.......#...
#######...††....#)))##...
.........@......###.##...
..####.rh.....#.?##.##...
#........##..#..#...
#...........###.##.#...
#............#..........
.....<....(..............
#######......############
########


You could see Sigmund and a rat.

Vanquished Creatures
  2 dart slugs (D:1)
  A ball python (D:1)
  6 bats
  3 endoplasms
  A giant cockroach (D:1)
  9 goblins
  5 hobgoblins
  3 kobolds
  3 quokkas (D:1)
  3 rats (D:1)
36 creatures vanquished.

Notes
Turn   | Place    | Note
-------+----------+-------------------------------------------
     0 | D:1      | LeprechaunX the Octopode Shapeshifter began the quest for
                  | the Orb.
     0 | D:1      | Reached XP level 1. HP: 14/14 MP: 1/1
   206 | D:1      | Reached XP level 2. HP: 19/19 MP: 2/2
   345 | D:1      | Reached XP level 3. HP: 20/25 MP: 3/3
   758 | D:2      | Noticed Sigmund
   759 | D:2      | Found a faded altar of an unknown god.
   785 | D:2      | Slain by Sigmund

Illustrated notes

Levels and vault maps discovered:
D:1:      shiori_arrival_oz, layout_basic, serial_park_tiny_pond,
          grunt_decor_junction
D:2:      kb_forest_paths, layout_rooms, chequers_ecumenical_altar_island,
          uniq_sigmund

Action                     || total
---------------------------++-------
  Melee: Unarmed           ||    68
         Constrict         ||    19
         Tentacles         ||    12
         Punch             ||     3
   Stab: Sleeping          ||     3
 Armour: Skin              ||     6
  Dodge: Dodged            ||    42

Table legend: (Time is in decaauts)
 A = Elapsed time spent in this place.
 B = Non-inter-level travel time spent in this place.
 C = Inter-level travel time spent in this place.
 D = Time resting spent in this place.
 E = Time spent auto-exploring this place.
 F = Levels seen in this place.
 G = Mean time per level.
                   A        B        C        D        E       F      G
               +--------+--------+--------+--------+--------+-----+--------+
         Total |    780 |    773 |      7 |      0 |    572 |   2 |  390.0 |
       Dungeon |    780 |    773 |      7 |      0 |    572 |   2 |  390.0 |
               +--------+--------+--------+--------+--------+-----+--------+

Top non-repeatable levels by time:
     D:1: 658 daAuts
     D:2: 121 daAuts
